AoeStats
← 欢乐小菜鸟

Arena

507031633Analyzed
4v4 RM · 15d ago on Sep 16, 2026· 53m 50s· 8 players
Game mode
Random Map
Map size
Large (8 player)
Population
200
Speed
Normal
Resources
Standard
Victory
Conquest
Starting age
Dark Age
Ending age
Imperial Age
RankedLock teamsTeams togetherTeam positionsShared explorationLock speedFull tech treeHidden civsTurbo modeCheats
Victory
Defeat
🇨🇳 Slavs · China
928
+15
🇦🇺 Ethiopians · Australia
905
+16
🇨🇳 Portuguese · China
904
+16
🇨🇳 Franks · China
885
+45
🇪🇸 Slavs · Spain
967
-19
🇩🇪 Italians · Germany
884
-15
🇩🇪 Khmer · Germany
881
-15
🇦🇷 Khmer · Argentina
855
-14
PapaHewy
10:08 Feudal Age
10:54 Double-Bit Axe
10:51 Horse Collar
19:39 Castle Age
18:52 Fletching
20:54 Heavy Plow
20:22 Crossbowman
21:08 Thumb Ring
21:21 Bow Saw
32:43 Imperial Age
33:05 Halberdier
35:07 Ballistics
36:02 Bodkin Arrow
36:49 Onager
38:43 Arbalester
42:11 Wheelbarrow
43:18 Chemistry
42:30 Fortified Wall
42:18 Murder Holes
42:46 Squires
42:57 Bracer
43:08 Forging
42:59 Scale Mail Armor
43:55 Hand Cart
44:03 Arson
47:10 Padded Archer Armor
47:46 Iron Casting
47:27 Chain Mail Armor
49:28 Torsion Engines
49:49 Conscription
49:49 Gold Mining
49:49 Stone Mining
51:19 Siege Engineers
51:26 Masonry
51:07 Heated Shot
51:09 Guard Tower
51:19 Siege Onager
Whth
8:02 Loom
ysysys1996
11:15 Feudal Age
16:22 Castle Age
17:23 Double-Bit Axe
17:36 Double-Bit Axe
17:36 Horse Collar
22:55 Wheelbarrow
22:08 Town Watch
22:09 Loom
23:13 Stone Mining
23:16 Gold Mining
25:31 Hand Cart
28:25 Stone Shaft Mining
32:09 Imperial Age
29:59 Bow Saw
30:27 Town Patrol
34:15 Chemistry
32:41 Pikeman
33:49 Halberdier
34:41 Heavy Plow
35:27 Conscription
36:25 Forging
36:20 Scale Barding Armor
36:28 Cavalier
37:16 Husbandry
38:20 Crop Rotation
39:19 Chain Barding Armor
39:34 Iron Casting
41:07 Bombard Tower
42:30 Capped Ram
44:31 Arquebus
45:46 Elite Organ Gun
49:54 Herbal Medicine
欢乐小菜鸟
12:07 Feudal Age
16:09 Castle Age
14:20 Double-Bit Axe
14:33 Horse Collar
17:30 Bow Saw
17:21 Heavy Plow
18:11 Wheelbarrow
26:16 Stone Mining
26:16 Gold Mining
30:19 Imperial Age
28:06 Hand Cart
27:41 Loom
27:42 Town Watch
27:59 Scale Mail Armor
28:10 Forging
28:45 Gold Shaft Mining
29:08 Chain Mail Armor
29:12 Squires
28:38 Pikeman
29:55 Detinets
30:36 Bloodlines
30:26 Husbandry
31:30 Conscription
31:44 Plate Mail Armor
32:14 Druzhina
32:14 Halberdier
33:36 Scale Barding Armor
34:06 Iron Casting
35:08 Chain Barding Armor
34:11 Light Cavalry
35:45 Crop Rotation
36:22 Two-Man Saw
35:57 Elite Boyar
37:18 Plate Barding Armor
37:44 Blast Furnace
36:47 Capped Ram
42:06 Siege Ram
Ertan Bacanak
SneakyTea
12:07 Feudal Age
16:49 Castle Age
15:06 Double-Bit Axe
15:01 Horse Collar
18:43 Bow Saw
22:09 Wheelbarrow
21:19 Loom
25:55 Hand Cart
25:49 Heavy Plow
26:23 Town Watch
30:03 Imperial Age
27:36 Stone Mining
27:47 Gold Mining
29:00 Fletching
29:12 Padded Archer Armor
29:45 Forging
29:35 Scale Mail Armor
31:10 Squires
31:26 Arson
32:04 Treadmill Crane
33:28 Chemistry
34:11 Conscription
35:52 Chain Mail Armor
36:47 Iron Casting
36:37 Pikeman
39:44 Plate Mail Armor
40:15 Blast Furnace
40:54 Ballistics
40:30 Murder Holes
40:33 Bodkin Arrow
MMURIEL
3:14 Loom
12:13 Feudal Age
12:17 Man-at-Arms
17:21 Wheelbarrow
16:40 Horse Collar
17:15 Double-Bit Axe
22:16 Castle Age
21:37 Stone Mining
22:17 Gold Mining
23:21 Hand Cart
23:39 Heavy Plow
25:43 Bow Saw
29:19 Gold Shaft Mining
34:09 Imperial Age
32:26 Fortified Wall
32:39 Ballistics
33:23 Bloodlines
33:14 Husbandry
35:56 Chemistry
35:49 Conscription
35:41 Squires
35:02 Long Swordsman
36:25 Murder Holes
36:34 Detinets
38:08 Two-Man Saw
37:40 Crop Rotation
38:50 Hoardings
37:40 Light Cavalry
38:39 Two-Handed Swordsman
40:02 Masonry
39:25 Elite Boyar
40:44 Scale Mail Armor
40:55 Forging
43:54 Chain Mail Armor
44:16 Iron Casting
43:19 Pikeman
46:19 Scale Barding Armor
46:26 Halberdier
50:19 Druzhina
51:16 Town Watch
TiGeR
0:35 Loom
15:51 Feudal Age
19:14 Castle Age
17:25 Horse Collar
17:40 Double-Bit Axe
19:21 Forging
20:58 Scale Barding Armor
21:55 Bloodlines
22:05 Husbandry
23:00 Heavy Plow
26:03 Bow Saw
28:13 Iron Casting
37:25 Tusk Swords
38:13 Gold Mining
38:15 Stone Mining
45:25 Chain Barding Armor
47:01 Pikeman
Connection lost

Rejoining the realm…

Still unreachable

The connection could not be restored.

Session expired

The server has moved on; the page needs a fresh start.